 Dungeon Crawl Stone Soup version 0.28.0-45-g0d030f2227 (webtiles) character file.

Game seed: 16901965914139270815

70 zeratav the Insei (level 4, -4/29 HPs)
             Began as an Octopode Transmuter on Apr 12, 2022.
             Slain by a gnoll
             ... wielding a +0 spear
              (8 damage)
             ... on level 2 of the Dungeon.
             The game lasted 00:01:24 (1642 turns).

zeratav the Insei (Octopode Transmuter)             Turns: 1642, Time: 00:01:25

Health: -4/29      AC:  1    Str:  9    XL:     4   Next: 21%
Magic:  7/7        EV: 13    Int: 15    God:
Gold:   46         SH:  0    Dex: 14    Spells: 6/7 levels left

rFire   . . .      SeeInvis .     - Unarmed
rCold   . . .      Faith    .   (no shield)
rNeg    . . .      Spirit   .   (helmet restricted)
rPois   .          Reflect  .   (no amulet)
rElec   .          Harm     .   (no ring)
rCorr   .          Rampage  .   (no ring)
Will    .....                   (no ring)
Stlth   +++.......              (no ring)
HPRegen 0.09/turn               (no ring)
MPRegen 0.10/turn               (no ring)
                                (no ring)
                                (no ring)

@: no status effects
A: almost no armour, amphibious, 8 rings, camouflage 1, gelatinous body 1,
(nimble swimmer 1), tentacles
a: no special abilities


You were on level 2 of the Dungeon.
You visited 1 branch of the dungeon, and saw 2 of its levels.

You collected 46 gold pieces.


Innate Abilities, Weirdness & Mutations

You cannot wear most types of armour.
You are amphibious.
You can wear up to eight rings at the same time.
Your skin changes colour to match your surroundings (Stealth+).
Your rubbery body absorbs attacks. (AC +1, EV +1)
((You are camouflaged when in or above water. (Stealth+)))
You have tentacles for arms and can constrict up to eight enemies at once.


   Skills:
 + Level 1.8 Fighting
 + Level 2.6 Dodging
 + Level 2.2 Stealth
 * Level 3.9 Unarmed Combat
 - Level 2.0 Spellcasting
 - Level 2.0 Transmutations


You had 6 spell levels left.
You knew the following spells:

 Your Spells              Type           Power      Damage    Failure   Level
a - Beastly Appendage     Tmut           14%        N/A       10%         1

Your spell library contained the following spells:

 Spells                   Type           Power      Damage    Failure   Level
 Wereblood                Tmut           7%         N/A       14%         2
 Spider Form              Tmut/Pois      4%         N/A       41%         3
 Ice Form                 Ice/Tmut       4%         N/A       82%         4

Inventory:

Scrolls
 b - a scroll of summoning {unknown}
 d - a scroll of fear {unknown}
 e - 2 scrolls of identify {unknown}
Potions
 a - a potion of berserk rage {unknown}
 c - 2 potions of degeneration {unknown}

Dungeon Overview and Level Annotations

Branches:
Dungeon (2/15)

Altars:

#........#
......
#........#
......
#........#
......
#........#
#........#
#........#
####.###.# #..#
.# ##@# .#
.#########r##.#
.........gg.#
............#
............#
............#
............#
...........<....
..............##


You could see a gnoll, a goblin and a rat.


Message History

No target in view!
No target in view!
Your tentacle spike disappears.
You now have 46 gold pieces (gained 4).
e - 2 scrolls labelled CEQ IWEIMID (gained 1)
Found a stone staircase leading up.
HP[+2] MP[+1]
Your hp is fully restored (24).
Your mp is fully restored (6).
A gnoll comes into view. It is wielding a +0 club.
A gnoll is nearby!
One of your tentacles grows a vicious spike.
MP[-1]
You lost 1 mp, and now have 5/6 mp.
A gnoll comes into view. It is wielding a +0 whip.
Found a stone staircase leading down. 2 jackals and a gnoll come into view.
A rat and a gnoll come into view.
The jackal barks!
The gnoll shouts! x2
The gnoll shouts! x2
Your transformation is almost over.
MP[+1]
Your mp is fully restored (6).
The jackal bites you.
HP[-3]
You take 3 damage, and now have 21/24 hp.
The jackal barks!
You tentacle-slap the jackal. You grab the jackal.
You constrict the jackal, but do no damage.
You hear a shout!
The jackal bites you. The jackal closely misses you.
HP[-1]
You take 1 damage, and now have 20/24 hp.
You tentacle-slap the jackal but do no damage.
You constrict the jackal, but do no damage.
The jackal bites you.
HP[-3]
You take 3 damage, and now have 17/24 hp.
You tentacle-slap the jackal.
You kill the jackal!
You tentacle-slap the gnoll. You grab the gnoll.
You constrict the gnoll, but do no damage.
The gnoll closely misses you.
You tentacle-slap the gnoll.
Your tentacle spike disappears.
You constrict the gnoll. The gnoll barely misses you.
You tentacle-slap the gnoll.
You constrict the gnoll, but do no damage.
A goblin comes into view. It is wielding a +0 dagger.
The gnoll hits you with a +0 club.
HP[-2]
You take 2 damage, and now have 15/24 hp.
You tentacle-slap the gnoll. You constrict the gnoll.
The gnoll hits you with a +0 club.
* * * LOW HITPOINT WARNING * * *
HP[-5]
You take 5 damage, and now have 10/24 hp.
MASSIVE DAMAGE!! (PAUSE)
You are too injured to fight recklessly!
You are too injured to fight recklessly!
You are too injured to fight recklessly!
You are too injured to fight recklessly!
You tentacle-slap the gnoll.
You kill the gnoll!
Your Stealth skill increases to level 2!
You have reached level 4!
HP[+3] MP[+1]
You now have 29 max hp (+5).
You regained 3 hp, and now have 13/29 hp.
Your mp is fully restored (7).
You barely miss the jackal. Your grab misses the jackal.
You squeeze the jackal.
You kill the jackal!
You closely miss the gnoll. You grab the gnoll. You constrict the gnoll.
The gnoll completely misses you. The gnoll misses you.
You tentacle-slap the gnoll. You squeeze the gnoll.
You constrict the gnoll, but do no damage.
The gnoll barely misses you. The gnoll hits you with a +0 whip.
* * * LOW HITPOINT WARNING * * *
HP[-4]
You take 4 damage, and now have 9/29 hp.
You tentacle-slap the gnoll.
You kill the gnoll!
The gnoll hits you from afar with a +0 spear.
* * * LOW HITPOINT WARNING * * *
HP[-4]
You take 4 damage, and now have 5/29 hp.
You tentacle-slap the gnoll. Your grab misses the gnoll.
You tentacle-slap the gnoll, but do no damage.
You squeeze the gnoll. The gnoll barely misses you.
You barely miss the gnoll. You grab the gnoll.
You constrict the gnoll, but do no damage.
The gnoll hits you with a +0 whip.
* * * LOW HITPOINT WARNING * * *
The gnoll barely misses you.
HP[-1]
You take 1 damage, and now have 4/29 hp.
You tentacle-slap the gnoll. You squeeze the gnoll.
You kill the gnoll!
The gnoll hits you from afar with a +0 spear!
You die...

Skill      XL: |  1  2  3 |
---------------+----------+-----
Stealth        | 1 2 |  2.2
Fighting       | |  1.8
Dodging        | |  2.6
Unarmed Combat | |  3.9
Spellcasting   | |  2.0
Transmutations | |  2.0

Action                   |  1- 3 |  4- 6 || total
-------------------------+-------+-------++-------
Melee: Unarmed           |    85 |     7 ||    92
       Constrict         |    24 |     2 ||    26
       Tentacles         |    12 |     4 ||    16
       Kick              |    13 |       ||    13
       Punch             |     2 |     1 ||     3
 Cast: Beastly Appendage |    16 |       ||    16
 Stab: Sleeping          |     3 |       ||     3
Armor: Skin              |     4 |       ||     4
Dodge: Dodged            |    46 |     5 ||    51

Levels and vault maps discovered:
D:1:      wander_arrival_chamber, layout_rooms,
          hellmonk_ecumenical_altar_crossroads
D:2:      layout_basic

Notes
Turn   | Place    | Note
-------+----------+-------------------------------------------
     0 | D:1      | zeratav the Octopode Transmuter began the quest for the
                  | Orb.
     0 | D:1      | Reached XP level 1. HP: 13/13 MP: 3/3
     0 | D:1      | magus.rc [v1.9.6]
   168 | D:1      | HP: 1/13 [kobold/+0 short sword (5)]
   481 | D:1      | Reached XP level 2. HP: 16/18 MP: 3/5
   487 | D:1      | HP: 2/18 [jackal (3)]
   489 | D:1      | Reached skill level 1 in Stealth
   888 | D:1      | Found a faded altar of an unknown god.
  1135 | D:1      | Reached XP level 3. HP: 23/23 MP: 4/6
  1267 | D:1      | You fall into a shaft and drop 1 floor!
  1636 | D:2      | Reached skill level 2 in Stealth
  1636 | D:2      | Reached XP level 4. HP: 13/29 MP: 7/7
  1639 | D:2      | HP: 5/29 [gnoll/+0 spear (4)]
  1642 | D:2      | Slain by a gnoll

Vanquished Creatures
  3 gnolls (D:2)
  A dart slug (D:1)
  3 endoplasms
  3 giant cockroaches
  4 goblins (D:1)
  3 hobgoblins (D:1)
  9 jackals
  2 kobolds
  3 quokkas
  5 ball pythons (D:1)
  2 frilled lizards (D:1)
  4 rats
42 creatures vanquished.

Table legend:
 A = Non-vault XP
 B = Vault XP
 C = Vault XP percentage of total XP
 D = Non-vault monster count
 E = Vault monster count
 F = Vault count percentage of total count
                 A         B        C        D         E       F
            +---------+---------+-------+---------+---------+-------
      Total |     114 |       0 |   0.0 |      42 |       0 |   0.0
            +---------+---------+-------+---------+---------+-------
        D:1 |      48 |       0 |   0.0 |      26 |       0 |   0.0
        D:2 |      66 |       0 |   0.0 |      16 |       0 |   0.0
            +---------+---------+-------+---------+---------+-------

Illustrated notes

Table legend:
 A = Kills in this place as a percentage of kills in entire the game.
 B = Kills by you in this place as a percentage of kills by you in the entire game.
 C = Kills by friends in this place as a percentage of kills by friends in the entire game.
 D = Other kills in this place as a percentage of other kills in the entire game.
 E = Experience gained in this place as a percentage of experience gained in the entire game.
 F = Experience gained in this place divided by the number of levels of this place that you have seen.
                   A       B       C       D       E      F
               +-------+-------+-------+-------+-------+----------------------
         Total | 100.0 | 100.0 |   N/A |   N/A | 100.0 |  57.0
       Dungeon | 100.0 | 100.0 |   N/A |   N/A | 100.0 |  57.0
               +-------+-------+-------+-------+-------+----------------------

Table legend: (Time is in decaauts)
 A = Elapsed time spent in this place.
 B = Non-inter-level travel time spent in this place.
 C = Inter-level travel time spent in this place.
 D = Time resting spent in this place.
 E = Time spent auto-exploring this place.
 F = Levels seen in this place.
 G = Mean time per level.
                   A        B        C        D        E       F      G
               +--------+--------+--------+--------+--------+-----+--------+
         Total |   1636 |   1636 |      0 |    248 |   1168 |   2 |  818.0 |
       Dungeon |   1636 |   1636 |      0 |    248 |   1168 |   2 |  818.0 |
               +--------+--------+--------+--------+--------+-----+--------+

Top non-repeatable levels by time:
     D:1: 1263 daAuts
     D:2: 372 daAuts
